 Dungeon Crawl Stone Soup version 0.20.1-1-g8b1a95d (console) character file.

171 vuolankoinen the Sneak (level 5, -3/49 HPs)
             Began as an Octopode Wizard on Nov 22, 2017.
             Slain by a bullfrog (4 damage)
             ... in a sewer.
             The game lasted 00:10:05 (2145 turns).

vuolankoinen the Sneak (Octopode Wizard)            Turns: 2145, Time: 00:10:05

Health: -3/49      AC:  1    Str: 14    XL:     5   Next: 51%
Magic:  10/10      EV: 13    Int: 22    God:
Gold:   87         SH:  0    Dex: 10    Spells: 10/11 levels left

rFire    . . .     SeeInvis .   k - +4 dagger (venom)
rCold    . . .     Gourm    .   (no shield)
rNeg     . . .     Faith    .   a - +0 hat
rPois    .         Spirit   .   (no amulet)
rElec    .         Reflect  .   h - +3 ring of strength
rCorr    .         Harm     .   (no ring)
MR       .....                  (no ring)
Stlth    ..........             (no ring)
Regen    0.2/turn               (no ring)
MPRegen  0.2/turn               (no ring)
                                (no ring)
                                (no ring)

@: berserking, very slightly contaminated, very quick
A: almost no armour, stealthy swim, amphibious, 8 rings, constrict 8, camouflage
1, gelatinous body 1
a: no special abilities


You were in a sewer.
You were not hungry.

You visited 1 branch of the dungeon, and saw 3 of its levels.
You also visited: Sewer.

You collected 87 gold pieces.

Inventory:

Hand Weapons
 i - a +0 dagger
 k - a +4 dagger of venom (weapon)
Armour
 a - a +0 hat (worn)
Jewellery
 h - a +3 ring of strength (left tentacle)
Scrolls
 e - 2 scrolls of identify
 n - 2 scrolls of recharging
Potions
 d - a potion of haste {unknown}
 f - a potion of curing
 g - a potion of heal wounds {unknown}
 j - a potion of brilliance
 q - a potion of mutation {unknown}
Books
 b - a book of Minor Magic

   Spells                             Type                      Level
   a - Magic Dart                     Conjuration                  1
   b - Blink                          Translocation                2
   c - Call Imp                       Summoning                    2
   d - Slow                           Hexes                        2
   e - Conjure Flame                  Conjuration/Fire             3
   f - Mephitic Cloud                 Conjuration/Poison/Air       3
Comestibles
 c - 2 bread rations
 l - a royal jelly


   Skills:
 * Level 1.5 Fighting
 + Level 1.5 Short Blades
 + Level 2.4 Dodging
 + Level 5.6 Stealth
 + Level 3.6 Spellcasting
 + Level 1.1 Conjurations
   Level 1.0 Summonings
   Level 1.0 Translocations


You had 10 spell levels left.
You knew the following spells:

 Your Spells              Type           Power        Failure   Level  Hunger
a - Magic Dart            Conj           #...         8%          1    None


Dungeon Overview and Level Annotations

Branches:
Dungeon (3/15)

Altars:
Cheibriados
Fedhas

Annotations:
D:2 Natasha, Robin, Sigmund


Innate Abilities, Weirdness & Mutations

You cannot wear most types of armour.
You are very stealthy in the water. (Stealth+)
You are amphibious.
You can wear up to eight rings at the same time.
You can use your tentacles to constrict eight enemies at once.
Your skin changes colour to match your surroundings (Stealth+).
Your rubbery body absorbs attacks. (AC +1, EV +1)


Message History

The ball python hisses angrily.
You grab the bullfrog. You constrict the bullfrog.
The bullfrog closely misses you.
You release your grip on the bullfrog.
The bullfrog hits you!
* * * LOW HITPOINT WARNING * * *
There is an open door here.
You feel better.
The bullfrog barely misses you. x2; The bullfrog hits you.
As you read the scroll labeled XEAREU YMOGITS, it crumbles to dust.
You feel aware of your surroundings.
You sensed 1 shop/portal.
It was a scroll of magic mapping.
The bullfrog hits you.
* * * LOW HITPOINT WARNING * * *
The bullfrog closely misses you.
Okay, then.
You aren't carrying any items that you can evoke.
Unknown command.
Okay, then.
It was a potion of berserk rage.
A red film seems to cover your vision as you go berserk!
You feel yourself moving faster!
You feel mighty! The bullfrog hits you.
* * * LOW HITPOINT WARNING * * *
The bullfrog hits you.
You die...

##### ####...####
####...÷.....####
##......÷........##
#......S.S#.......#
##......##F##......##
#......##@F###......#
#.≈.†S###..# #..≈†.##
#≈≈≈≈≈≈##### #≈≈≈≈≈≈#
#≈≈≈≈≈≈# #≈≈††≈≈#
#≈≈≈≈≈≈# #≈†≈≈≈≈#
#≈≈≈≈≈≈# #†≈†≈≈≈#
#≈≈≈≈≈≈# #≈†≈≈≈≈#
#≈≈≈≈l≈# #≈≈≈.≈≈#
#≈≈#≈≈≈# #≈.)..≈#
#§.≈≈≈≈# #≈≈...##
#≈.≈≈≈≈# #≈≈≈≈≈≈#


You could see 2 bullfrogs and a ball python.

Vanquished Creatures
  2 gnolls (D:3)
  4 adders
  5 river rats (Sewer)
  An ooze (Sewer)
  A dart slug (D:1)
  2 leopard geckos (D:3)
  7 ball pythons (Sewer)
  8 giant cockroaches
  6 goblins (D:1)
  5 hobgoblins
  A frilled lizard (Sewer)
  4 kobolds (D:1)
  24 rats
70 creatures vanquished.

Notes
Turn   | Place    | Note
-------+----------+-------------------------------------------
     0 | D:1      | vuolankoinen the Octopode Wizard began the quest for the Orb.
     0 | D:1      | Reached XP level 1. HP: 11/11 MP: 4/4
     3 | D:1      | Noticed an electric eel
     3 | D:1      | Noticed an electric eel
   158 | D:1      | Reached skill level 3 in Stealth
   158 | D:1      | Reached XP level 2. HP: 17/18 MP: 6/6
   639 | D:1      | Reached skill level 1 in Fighting
   639 | D:1      | Reached XP level 3. HP: 23/23 MP: 7/7
   881 | D:2      | Noticed Robin
   929 | D:2      | Found a blossoming altar of Fedhas.
   929 | D:2      | Noticed Natasha
   930 | D:2      | Noticed Sigmund
  1028 | D:2      | Found a snail-covered altar of Cheibriados.
  1223 | D:3      | Reached skill level 4 in Stealth
  1223 | D:3      | Reached XP level 4. HP: 13/28 MP: 7/9
  1309 | D:3      | Found a glowing drain.
  1333 | Sewer    | Entered a sewer
  1565 | Sewer    | Reached skill level 1 in Short Blades
  1579 | Sewer    | Reached skill level 5 in Stealth
  1579 | Sewer    | Reached XP level 5. HP: 12/33 MP: 10/10
  2145 | Sewer    | HP: 1/49 [bullfrog (6)]
  2145 | Sewer    | Slain by a bullfrog

Skill      XL: |  1  2  3  4 |
---------------+-------------+-----
Stealth        | 3 4 5 |  5.6
Fighting       | 1 |  1.5
Short Blades   | 1 |  1.5
Dodging        | |  2.4
Spellcasting   | |  3.6
Conjurations   | |  1.1
Summonings     | |  1.0
Translocations | |  1.0

Action                   |  1- 3 |  4- 6 || total
-------------------------+-------+-------++-------
Melee: Unarmed           |    24 |       ||    24
       Tentacles         |    12 |    10 ||    22
       Constrict         |    18 |    16 ||    34
       Dagger            |    35 |    74 ||   109
 Cast: Magic Dart        |     1 |     4 ||     5
  Use: Scroll            |     6 |     2 ||     8
       Potion            |       |     3 ||     3
 Stab: Sleeping          |    10 |     5 ||    15
  Eat: Chunk             |     1 |     3 ||     4
Armor: Skin              |     3 |     7 ||    10
Dodge: Dodged            |    22 |    45 ||    67
